 Dungeon Crawl Stone Soup version 0.29.1-13-g9f3cf754e1 (webtiles) character file.

Game seed: 9029074408727669300

21 Exodus22XD the Covered (level 2, 27/27 HPs)
             Began as a Minotaur Fighter on Feb 3, 2023.
             Was a Follower of Kikubaaqudgha.
             Quit the game on level 1 of the Dungeon.
             The game lasted 00:00:37 (583 turns).

Exodus22XD the Covered (Minotaur Fighter)            Turns: 583, Time: 00:00:37

Health: 27/27      AC: 10    Str: 20    XL:     2   Next: 62%
Magic:  1/1        EV:  8    Int:  5    God:    Kikubaaqudgha [*.....]
Gold:   23         SH:  4    Dex:  9    Spells: 1/1 levels left

rFire   x . .      SeeInvis .   a - +0 war axe
rCold   + + .      Faith    .   c - +0 buckler
rNeg    . . .      Spirit   .   g - +0 ice dragon scales
rPois   .          Reflect  .   (helmet restricted)
rElec   .          Harm     .   (no cloak)
rCorr   .          Rampage  .   (no gloves)
Will    .....                   (no boots)
Stlth   ..........              (no amulet)
HPRegen 0.09/turn               (no ring)
MPRegen 0.07/turn               (no ring)

@: no status effects
A: horns 2, retaliatory headbutt
a: Renounce Religion, Unearth Wretches


You were on level 1 of the Dungeon.
You worshipped Kikubaaqudgha.
Kikubaaqudgha was aware of your devotion.
You visited 1 branch of the dungeon, and saw 1 of its levels.

You collected 23 gold pieces.

Inventory:

Hand Weapons
 a - a +0 war axe (weapon)
Armour
 c - a +0 buckler (worn)
 g - +0 ice dragon scales (worn)
Scrolls
 e - 2 scrolls of vulnerability {unknown}
 f - 2 scrolls of butterflies {unknown}
 h - a scroll of identify {unknown}
Potions
 b - 2 potions of lignification {unknown}
 d - 2 potions of might


   Skills:
 + Level 3.9 Fighting
 + Level 2.7 Axes
 + Level 4.1 Armour
 + Level 3.9 Shields


You had one spell level left.
You didn't know any spells.
Your spell library contained the following spells:

 Spells                   Type           Power      Damage    Failure   Level
 Necrotise                Necr           0%         1d4       94%         1
 Vampiric Draining        Necr           0%         2d6       100%        3
 Anguish                  Hex/Necr       0%         N/A       100%        4
 Animate Dead             Necr           0%         N/A       100%        4


Dungeon Overview and Level Annotations

Branches:
Dungeon (1/15)

Altars:
Kikubaaqudgha


Innate Abilities, Weirdness & Mutations

You have a pair of horns on your head.
You reflexively headbutt those who attack you in melee.


Message History

A bat is nearby!
You slash the bat!
You kill the bat!
h - a scroll labelled TAEV ZYPREPN No target in view!
Key pressed, stopping explore.
No target in view!
No target in view!
No target in view!
f - 2 scrolls labelled OBROOCHUMI (gained 1) As you open the door, it creaks loudly!
Found a faded altar of an unknown god.
No target in view!
There is an open door here.
There is an open door here.
A goblin comes into view. It is wielding a +0 club.
The goblin shouts!
A kobold comes into view. It is wielding a +0 club.
The kobold shouts!
A kobold is nearby!
You barely miss the goblin. The goblin closely misses you.
You furiously retaliate!
You headbutt the goblin!
You kill the goblin!
The kobold hits you but does no damage.
You hit the kobold.
You kill the kobold!
Found a stone staircase leading down.
Things that are here:
a +0 club; a +0 club; a kobold corpse No target in view!
You open the door.
There is an open door here.
There is a faded altar of an unknown god here.
You cannot tell which god this altar belongs to.
Convert to them anyway?
Kikubaaqudgha accepts your prayer! Kikubaaqudgha welcomes you!
You can now bring forth the wretched and dying.
Kikubaaqudgha grants you a gift!
You add the spells Necrotise, Vampiric Draining, Anguish and Animate Dead to your library.
Are you sure you want to abandon this character and quit the game? (Confirm with "yes".)

#.....# #.#.#
#.....#####.#.#
##.........#)#.##### #
#......8.8..........
#.##......#'#...#.#####
#.#.......#.#...#.#
#....##.###.###...#
#>......#8...8#...###
#######)##.#..@..#..^..#
.........#.#8...8#.....#
#.....#..#.###.###.....###
+.....+......#.#.........#
#.... #.####.#'#.#..##.#.#
#####
#......8.8.......#.#####
###........##..#........
#.......####...#.#####
####.......######...#...##


There were no monsters in sight!

Vanquished Creatures
  A dart slug (D:1)
  An endoplasm (D:1)
  A giant cockroach (D:1)
  A hobgoblin (D:1)
  2 quokkas (D:1)
  A ball python (D:1)
  6 bats (D:1)
  A frilled lizard (D:1)
  3 goblins (D:1)
  A kobold (D:1)
  A rat (D:1)
19 creatures vanquished.

Notes
Turn   | Place    | Note
-------+----------+-------------------------------------------
     0 | D:1      | Exodus22XD the Minotaur Fighter began the quest for the
                  | Orb.
     0 | D:1      | Reached XP level 1. HP: 19/19 MP: 0/0
   311 | D:1      | Reached XP level 2. HP: 27/27 MP: 1/1
   362 | D:1      | Reached skill level 4 in Armour
   550 | D:1      | Found a faded altar of an unknown god.
   582 | D:1      | Prayed at the altar of an unknown god.
   582 | D:1      | Became a worshipper of Kikubaaqudgha
   582 | D:1      | Reached * piety under Kikubaaqudgha
   582 | D:1      | Received a gift from Kikubaaqudgha
   583 | D:1      | Quit the game

Illustrated notes

Levels and vault maps discovered:
D:1:      dpeg_arrival_leaves_temple_mockup, layout_basic,
          dreamdust_ecumenical_altar_angels_and_demons, minmay_strange_pillars,
          minmay_domino_2

Skill      XL: |  1  2 |
---------------+-------+-----
Armour         | 4 |  4.1
Fighting       | |  3.9
Axes           | |  2.7
Shields        | |  3.9

Action                   || total
-------------------------++-------
Melee: War axe           ||    37
       Headbutt          ||     2
Armor: Scale mail        ||     9
       Ice dragon scales ||    19
Dodge: Dodged            ||    21
Block: Buckler           ||    14
